cohdb
Replays
Latest Replays
All Replays
Popular Replays
Top Player Replays
Match Explorer
How It Works
Community
CoH3 Stats
Reddit
Sign in to upload your games and track your stats! →
Sign in with Steam
should skip riflemans for whole game, L6 deflected
Match 18130036
Overview
Messages
Build Orders
End
Construct Weapon Support Center
M1919 Machine Gun Team
M1919 Machine Gun Team
Selects Armored Battlegroup
Selects Assault Engineers
Assault Engineer Squad
Assault Engineer Squad
Infantry Support Center
Bazooka Squad
Construct Medical Station
Bazooka Squad
Construct Motor Pool
Selects M31 Recovery Vehicle
Selects War Machine
Selects Strength in Steel
M8 Greyhound Armored Car
M8 Greyhound Armored Car
M31 Recovery Vehicle
Munitions Surplus
Selects Seek and Destroy
Construct Barracks
Assault Engineer Squad
Riflemen Squad
M24 Chaffee Light Tank
M24 Chaffee Light Tank
Selects M4A3E8 Sherman Combat Group
M4A3E8 Sherman Combat Group
M4A3E8 Sherman Combat Group
Zuntew
El Dorado
0
0
Comments
sign in to comment!
No comments posted yet!